 Dungeon Crawl Stone Soup version 0.18.1-47-g9310371 (webtiles) character file.

224741 dvd the Sorcerer (level 18, -4/94 HPs)
             Began as a Deep Elf Summoner on June 17, 2016.
             Was the Champion of Sif Muna.
             Slain by a vault warden
             ... wielding a +0 great mace
              (25 damage)
             ... on level 3 of the Vaults on June 20, 2016.
             The game lasted 07:20:30 (48870 turns).

dvd the Sorcerer (Deep Elf Summoner)               Turns: 48870, Time: 07:20:31

Health: -4/94      AC: 20    Str: 13    XL:     18   Next: 60%
Magic:  35/52      EV: 18    Int: 35    God:    Sif Muna [******]
Gold:   2099       SH: 10    Dex: 17    Spells: 14 memorised, 5 levels left

rFire  + . .     SeeInvis .     a - +10 mace of the Yoke {drain, rElec Int+5 Dex+4}
rCold  + + .     Gourm    .     W - +2 robe {rF+}
rNeg   + . .     Faith    .     Y - +1 buckler {AC+3}
rPois  +         Spirit   .     x - +0 Maxwell's etheric cage {RegenMP+ *Contam rElec MP+4}
rElec  +         Dismiss  .     O - +1 cloak "Vuopuna" {rElec rN+ Int+4}
rCorr  .         Reflect  +     R - +2 pair of gloves {Str+3}
SustAt +         Harm     .     b - +1 pair of boots {Stlth+}
MR     +++..                    N - +5 amulet of reflection
Stlth  +++++.....               c - ring of Buunimua {SustAt rC++ Dex-4}
                                H - ring "Keppom" {+Fly rPois MR+ Str+5 Int-3}

@: slowed, deflect missiles, very slow, extremely resistant to hostile
enchantments, quite stealthy
A: claws 1, rugged brown scales 1, slimy green scales 1, thin metallic scales 1,
agile 1, magic resistance 1, electricity resistance, evolution 1, MP-powered
wands, sturdy frame 1
a: Channel Energy, Forget Spell, Renounce Religion, Evoke Flight
}: 1/15 runes: serpentine


You were on level 3 of the Vaults.
You worshipped Sif Muna.
Sif Muna was exalted by your worship.
You were not hungry.

You visited 7 branches of the dungeon, and saw 36 of its levels.
You visited 1 bazaar.
You also visited: Ice Cave and Wizlab.

You collected 4144 gold pieces.
You spent 2045 gold pieces at shops.

Inventory:

Hand Weapons
 a - the +10 mace of the Yoke (weapon) {drain, rElec Int+5 Dex+4}
   (You took it off a salamander on level 3 of the Snake Pit)

   A truly terrible weapon, it drains the life of those it strikes.
   It affects your intelligence (+5).
   It affects your dexterity (+4).
   It insulates you from electricity.
 d - a +9 quick blade
 t - the +3 long sword "Qoataoli" {venom, +Fly SInv}
   (You took it off a deep elf archer on level 1 of the Elven Halls)

   It poisons the flesh of those it strikes.
   It lets you see invisible.
   It lets you fly.
Armour
 b - a +1 pair of boots of stealth (worn)
 x - the +0 Maxwell's etheric cage (worn) {RegenMP+ *Contam rElec MP+4}
   (You found it on level 8 of the Lair of Beasts)

   It insulates you from electricity.
   It affects your magic capacity (+4).
   It causes magical contamination when unequipped.
 y - a +2 cloak of cold resistance
 J - a +3 leather armour of magic resistance
 O - the +1 cloak "Vuopuna" (worn) {rElec rN+ Int+4}
   (You bought it in a shop on level 2 of the Orcish Mines)

   It affects your intelligence (+4).
   It insulates you from electricity.
   It protects you from negative energy.
 R - a +2 pair of gloves of strength (worn)
 T - a +2 robe of the Archmagi
 W - a +2 robe of fire resistance (worn)
 Y - a +1 buckler of protection (worn)
Magical Staves
 k - an uncursed staff of summoning
Rods
 p - a +6 lightning rod (9/9)
   (You took it off a deep elf annihilator on level 3 of the Elven Halls)
Jewellery
 c - the ring of Buunimua (right hand) {SustAt rC++ Dex-4}
   (You found it in a wizard's laboratory)

   [ring of sustain attributes]

   It sustains your strength, intelligence and dexterity.
   It affects your dexterity (-4).
   It greatly protects you from cold.
 n - a +4 ring of protection
 D - an uncursed ring of protection from fire
 H - the ring "Keppom" (left hand) {+Fly rPois MR+ Str+5 Int-3}
   (You bought it in a shop on level 1 of the Elven Halls)

   [ring of protection from magic]

   It affects your strength (+5).
   It affects your intelligence (-3).
   It protects you from poison.
   It affects your resistance to hostile enchantments.
   It lets you fly.
 N - a +5 amulet of reflection (around neck)
 S - an uncursed amulet of magic regeneration
Wands
 v - a wand of digging (11/24)
 E - a wand of acid (8/15)
 P - a wand of iceblast (9/15)
 V - a wand of lightning (3/15)
Scrolls
 i - 15 scrolls of identify
 m - 4 scrolls of recharging
 C - 11 scrolls of remove curse
 G - 2 scrolls of fog
 K - 6 scrolls of teleportation
 M - 2 scrolls of magic mapping
 Q - 5 scrolls of summoning
Potions
 e - 5 potions of might
 g - 2 potions of magic
 j - a potion of beneficial mutation
 l - 9 potions of curing
 o - a potion of haste
 r - 8 potions of cure mutation
 s - 4 potions of heal wounds
 u - 4 potions of cancellation
 w - a potion of brilliance
 z - 2 potions of resistance
 F - 3 potions of flight
 L - 5 potions of agility
Books
 f - a book of Maledictions

   Spells                             Type                      Level
   a - Corona                         Hexes                        1
   b - Ensorcelled Hibernation        Hexes/Ice                    2
   c - Confuse                        Hexes                        3
   d - Tukima's Dance                 Hexes                        3
   e - Dazzling Spray                 Conjuration/Hexes            3
 h - Sif Muna's Grimoire of Aerial Companions
   (Sif Muna gifted it to you on level 2 of the Vaults)

   Spells                             Type                      Level
   a - Shadow Creatures               Summoning                    6
   b - Spellforged Servitor           Conjuration/Summoning        7
   c - Malign Gateway                 Summoning/Translocation      7
Comestibles
 q - 21 fruits
 A - 11 meat rations
 B - 11 royal jellies
 I - 12 bread rations


   Skills:
 + Level 3.4 Fighting
 + Level 2.0 Short Blades
 + Level 0.3(1.1) Long Blades
 + Level 1.4 Maces & Flails
 + Level 9.1 Dodging
 + Level 7.3 Stealth
 + Level 1.7 Shields
 + Level 24.1 Spellcasting
 + Level 7.1 Hexes
 + Level 7.0 Charms
 + Level 16.6 Summonings
 + Level 6.2 Necromancy
 + Level 1.8 Translocations
 + Level 9.9 Ice Magic
 + Level 13.4 Air Magic
 + Level 2.1 Poison Magic
 + Level 9.7 Invocations
 + Level 0.2 Evocations


You had 5 spell levels left.
You knew the following spells:

 Your Spells              Type           Power        Failure   Level  Hunger
a - Cure Poison           Pois           ######....   1%          2    None
b - Aura of Abjuration    Summ           ########..   1%          5    None
c - Shadow Creatures      Summ           N/A          1%          6    None
d - Tukima's Dance        Hex            ######..     1%          3    None
e - Summon Ice Beast      Ice/Summ       #######.     1%          4    None
f - Summon Lightning Spi  Summ/Air       #######.     0%          4    None
g - Summon Demon          Summ           ########..   1%          5    None
h - Airstrike             Air            #######...   1%          4    None
i - Deflect Missiles      Chrm/Air       #######...   1%          6    None
j - Summon Hydra          Summ           ########..   1%          7    None
k - Regeneration          Chrm/Necr      ######....   1%          3    None
l - Blink                 Tloc           N/A          1%          2    None
m - Animate Dead          Necr           N/A          1%          4    None
n - Summon Mana Viper     Hex/Summ       #######.     1%          5    None


Dungeon Overview and Level Annotations

Branches:
Dungeon (15/15)            Temple (1/1) D:5            Lair (8/8) D:10
 Shoals (0/4) Lair:3        Snake (4/4) Lair:3        Slime (0/6) Lair:8
    Orc (2/2) D:11            Elf (3/3) Orc:2        Vaults (3/5) D:14
 Depths (0/5) D:15
  Crypt: Vaults:2-3

Altars:
Ashenzari
Cheibriados
Dithmenos
Elyvilon
Fedhas
Gozag
Kikubaaqudgha
Makhleb
Nemelex Xobeh
Okawaru
Pakellas
Qazlal
Ru
Sif Muna
Trog
Vehumet
Xom
Yredelemnul
Zin
The Shining One

Shops:
Orc:2 [*![   Elf:1 =   Elf:2 ?   Vaults:1 [   Vaults:3 (

Portals:
Trove: D:11 (give wand of heal wounds (9))


Innate Abilities, Weirdness & Mutations

You have sharp fingernails.
You are partially covered in rugged brown scales (AC +1, +3% HP).
You are partially covered in slimy green scales (AC +2).
You are partially covered in thin metallic scales (AC +2).
You are agile. (Dex +2)
You are resistant to hostile enchantments.
You are resistant to electric shocks.
You evolve.
You expend magic power (3 MP) to strengthen your wands.
Your movements are slightly less encumbered by armour (ER -2).


Message History

The tengu reaver claws your sun demon but does no damage.
The ironbrand convoker hits your lightning spire with a flail!
Your mana viper bites the tengu reaver!
The tengu reaver's magic leaks into the air.
The ironheart preserver throws a stone.
The stone barely misses your vampire mosquito.
The stone hits your sun demon but does no damage.
Your orc zombie hits the vault warden but does no damage.
Your ice beast barely misses the vault warden.
The ironheart preserver hits your sixfirhy with a dire flail!
Your sixfirhy dies!
Your flail barely misses the ironheart preserver.
Your sun demon hits the tengu reaver!!
The tengu reaver is engulfed in flames!
The two-headed ogre hits your mana viper with a giant spiked club!!
Your mana viper dies!
The tengu reaver hits your sun demon with a great sword of slicing!
The tengu reaver pecks your sun demon.
The tengu reaver claws your sun demon but does no damage.
The vault warden hits you with a great mace!!
You die...

Z.....# #.....# #.....#
#.....# ##+## #.....# ..p
#...4(# #.#
#....)##########p#########
............Z(Z...y.pp....
...(............@3Y.8(....
(...............ZpQ.p.....
................Z...O.....
..........................
#.....####################
#.....# #.....# #.....#
#.....#


You could see 2 ironheart preservers, a vault warden, a tengu reaver, 2 death
knights, an ironbrand convoker, a two-headed ogre, a friendly sun demon, a
friendly vampire mosquito, a friendly ice beast, a friendly lightning spire, a
friendly flail, a friendly orc zombie, a friendly orc zombie, a friendly orc
zombie and a friendly orc zombie.

Vanquished Creatures
  2 greater nagas (Snake:4)
  A deep elf elementalist (Elf:3)
  3 deep elf demonologists
  3 deep elf annihilators
  A crystal guardian (Vaults:2)
  3 deep elf death magi (Elf:3)
  A deep elf high priest (Elf:3)
  A vault guard (Vaults:3)
  Josephine (D:12)
  A fire dragon (Vaults:2)
  A yaktaur captain (Vaults:1)
  3 naga warriors
  2 anacondas
  23 dancing weapons
  A centaur warrior (Vaults:3)
  An ogre mage (Vaults:3)
  2 deep elf knights (Elf:2)
  Nergalle (D:11)
  3 naga sharpshooters (Snake:4)
  Sonja (Lair:3)
  An unseen horror (D:15)
  2 deep elf archers
  2 ironbrand convokers
  A necromancer (Lair:7)
  A griffon (D:15)
  14 deep elf magi
  An oklob plant (Lair:8)
  4 ugly things
  2 salamanders (Snake:3)
  A cyclops (Vaults:2)
  A vault sentinel (Vaults:2)
  2 wolf spiders (Vaults:2)
  2 naga magi (Snake:4)
  An elephant (Lair:7)
  2 black mambas
  A centaur skeleton (D:14)
  3 freezing wraiths
  A komodo dragon (Lair:7)
  A rime drake (Lair:3)
  3 yaktaurs (Vaults:1)
  An efreet (D:15)
  A yaktaur (shapeshifter) (WizLab)
  A queen bee (D:13)
  2 trolls
  2 two-headed ogres
  2 small abominations (WizLab)
  3 slime creatures (Vaults:3)
  5 blink frogs
  A wyvern (Lair:5)
  3 yaks
  A water elemental (Elf:2)
  2 fire elementals
  4 wraiths (D:12)
  A basilisk (Lair:5)
  3 hippogriffs
  10 vampire mosquitoes
  A swamp worm (shapeshifter) (WizLab)
  A warg (Orc:1)
  2 nagas
  4 water moccasins
  5 porcupines
  4 giant eyeballs (WizLab)
  An orc warrior (Orc:1)
  A sky beast (D:5)
  A wasp (D:13)
  A phantom (D:14)
  A boggart (shapeshifter) (WizLab)
  2 ice beasts (D:15)
  2 ogres
  5 centaurs
  3 crocodiles
  4 giant frogs
  Blork the orc (D:12)
  A wyvern zombie (D:13)
  An earth elemental (Elf:1)
  12 killer bees (D:13)
  An orc simulacrum (Vaults:1)
  4 electric eels
  3 vampire bats (Lair:8)
  2 crimson imps
  2 basilisk zombies (Lair:7)
  3 jellies (Lair:8)
  2 orc priests
  2 iguanas
  2 orc wizards
  A worker ant (D:14)
  4 adders
  3 river rats
  7 white imps
  2 oozes (Lair:8)
  A giant gecko (D:6)
  9 orcs
  6 bats
  A giant cockroach (D:4)
  A goblin (D:2)
  A hobgoblin (D:3)
  2 jackals
  6 kobolds
  2 quokkas
  A giant newt (D:4)
  2 quokka skeletons
  A rat (D:3)
  2 crawling corpses (Elf:3)
269 creatures vanquished.

Vanquished Creatures (collateral kills)
  Frederick (Vaults:2)
  Saint Roka (Vaults:1)
  Vashnia (Snake:3)
  Norris (Vaults:2)
  A mutant beast (WizLab)
  A tentacled monstrosity (Vaults:2)
  2 deep elf blademasters (Elf:3)
  A deep elf master archer (Elf:3)
  Agnes (Elf:1)
  12 greater nagas
  An azure jelly (shapeshifter) (Vaults:2)
  4 deep elf sorcerers (Elf:3)
  A frost giant (IceCv)
  Maud (Lair:6)
  3 vault wardens
  Donald (Vaults:2)
  2 deep elf elementalists (Elf:3)
  Aizul (Snake:1)
  10 ironheart preservers
  6 very ugly things (WizLab)
  4 stone giants
  5 deep elf demonologists
  A salamander stormcaller (Vaults:2)
  7 deep elf annihilators (Elf:3)
  The ghost of dvd the Nimble, a journeyman TrMo of Ru (IceCv)
  4 ettins
  7 vault guards (Vaults:3)
  4 deep elf death magi
  A fire dragon (Vaults:3)
  A great orb of eyes (Vaults:1)
  A deep elf high priest (Elf:1)
  3 catoblepae (Lair:8)
  7 yaktaur captains
  19 naga warriors
  10 hydras
  6 centaur warriors
  7 anacondas
  10 ogre magi
  5 dancing weapons
  14 death yaks
  17 naga sharpshooters
  9 shock serpents
  2 hell knights
  Urug (D:11)
  13 deep elf knights
  An iron golem (WizLab)
  5 skeletal warriors (Vaults:2)
  A fire crab (shapeshifter) (WizLab)
  A fire crab (Vaults:3)
  2 unseen horrors (D:12)
  A salamander mystic (Snake:4)
  7 large abominations (WizLab)
  5 small abominations
  An unseen horror (shapeshifter) (WizLab)
  13 deep elf archers
  6 deep trolls
  A hill giant (shapeshifter) (Elf:1)
  8 orc knights
  11 naga ritualists
  2 necromancers
  8 hill giants
  40 deep elf magi
  6 ironbrand convokers
  An orb spider (shapeshifter) (Vaults:2)
  2 griffons
  4 mana vipers
  A shining eye (shapeshifter) (WizLab)
  A wolf spider (Vaults:2)
  11 ugly things
  12 elephants
  A salamander (shapeshifter) (WizLab)
  2 hornets (Vaults:1)
  A hornet (shapeshifter) (WizLab)
  9 salamanders
  7 cyclopes
  3 guardian serpents
  2 sirens (Lair:3)
  26 naga magi
  38 black mambas
  2 ice statues
  5 vault sentinels
  A black mamba (shapeshifter) (WizLab)
  An efreet (D:15)
  14 spiny frogs
  A komodo dragon (shapeshifter) (WizLab)
  A rime drake (Lair:4)
  2 yaktaurs (shapeshifter)
  15 yaktaurs
  An ice devil (D:15)
  A kobold demonologist (D:15)
  7 komodo dragons
  A queen bee (shapeshifter) (WizLab)
  A tengu conjurer (D:15)
  16 trolls
  16 polar bears
  3 boulder beetles
  17 two-headed ogres
  6 slime creatures
  The ghost of Typee the Conjurer, an amateur OpCj of Vehumet (D:4)
  21 blink frogs
  A water elemental (Elf:3)
  A shadow (D:14)
  A tarantella (shapeshifter) (WizLab)
  66 yaks
  A wyvern (Lair:6)
  A human (shapeshifter) (WizLab)
  Sigmund (D:2)
  3 air elementals
  A fire elemental (Elf:1)
  5 basilisks
  A hog (shapeshifter) (Vaults:1)
  2 vampire mosquitoes (Vaults:2)
  A hippogriff (shapeshifter) (WizLab)
  5 hippogriffs
  A warg (Vaults:2)
  A warg (shapeshifter) (WizLab)
  54 nagas
  A hell hound (shapeshifter) (WizLab)
  4 water moccasins
  15 porcupines
  3 ice beasts
  A sky beast (D:7)
  A swamp drake (D:11)
  A swamp drake (shapeshifter) (WizLab)
  3 phantoms
  A black bear (D:8)
  2 black bears (shapeshifter) (WizLab)
  An eye of draining (shapeshifter) (WizLab)
  17 orc warriors
  A wasp (D:10)
  44 ogres
  24 centaurs
  A necrophage (D:12)
  12 wolves (IceCv)
  An elf simulacrum (Vaults:1)
  13 crocodiles
  2 big kobolds
  11 giant frogs
  An earth elemental (Elf:2)
  A wyvern zombie (D:11)
  2 water moccasin skeletons
  A scorpion (shapeshifter) (WizLab)
  6 scorpions
  24 killer bees
  An electric eel (Lair:7)
  5 howler monkeys
  A centaur zombie (D:7)
  6 crimson imps
  12 jellies
  2 centaur skeletons
  A giant frog zombie (D:7)
  16 orc priests
  6 hounds
  17 orc wizards
  Jessica (D:2)
  A giant frog skeleton (D:12)
  9 iguanas
  4 worker ants
  8 sheep
  A crocodile zombie (Lair:7)
  2 hound zombies (D:8)
  A worker ant zombie (D:7)
  3 gnolls (D:4)
  A howler monkey skeleton (D:11)
  27 adders
  56 river rats
  4 shadow imps
  7 white imps
  An ooze (D:7)
  2 adder skeletons
  A ball lightning (Vaults:1)
  3 dart slugs
  4 worms
  3 giant geckos
  65 orcs
  3 ball pythons (D:4)
  7 giant cockroaches
  7 goblins
  8 hobgoblins
  8 jackals
  3 quokkas
  8 bats
  2 giant newts (D:1)
  A jackal skeleton (D:5)
  13 kobolds
  A quokka skeleton (D:7)
  8 rats
  A crawling corpse (Elf:3)
  4 fungi
  2 plants (Lair:8)
1271 creatures vanquished.

Vanquished Creatures (others)
  A deep elf master archer (Elf:3)
  A vault warden (Vaults:2)
  A deep elf elementalist (Elf:3)
  A deep elf mage (Elf:3)
  A water elemental (Elf:1)
  15 dancing weapons
  2 nagas (Snake:3)
  11 fungi
  4 plants
37 creatures vanquished.

Grand Total: 1577 creatures vanquished

Notes
Turn   | Place    | Note
--------------------------------------------------------------
     0 | D:1      | dvd the Deep Elf Summoner began the quest for the Orb.
     0 | D:1      | Reached XP level 1. HP: 10/10 MP: 6/6
   415 | D:1      | Reached XP level 2. HP: 11/15 MP: 4/8
   454 | D:1      | Learned a level 2 spell: Call Imp
   794 | D:2      | Found a shadowy altar of Dithmenos.
   955 | D:2      | Reached XP level 3. HP: 16/19 MP: 2/10
   960 | D:2      | Learned a level 3 spell: Call Canine Familiar
  1024 | D:2      | Noticed Jessica
  1047 | D:2      | Reached skill level 5 in Summonings
  1052 | D:2      | Killed Jessica
  1052 | D:2      | Reached skill level 4 in Spellcasting
  1272 | D:2      | Noticed Sigmund
  1280 | D:2      | Killed Sigmund
  1280 | D:2      | Reached XP level 4. HP: 24/24 MP: 6/12
  1379 | D:2      | Found an oddly glowing altar of Pakellas.
  1514 | D:3      | Found a shimmering altar of Xom.
  1525 | D:3      | Reached XP level 5. HP: 28/28 MP: 8/14
  2123 | D:3      | Learned a level 3 spell: Tukima's Dance
  2331 | D:4      | Noticed Typee's ghost (amateur OpCj)
  2492 | D:3      | Reached skill level 5 in Spellcasting
  2682 | D:4      | HP: 1/28 [orc priest/divine providence (13)]
  3239 | D:4      | Reached skill level 1 in Hexes
  3260 | D:4      | Killed Typee's ghost
  3260 | D:4      | Reached skill level 6 in Spellcasting
  3260 | D:4      | Reached XP level 6. HP: 32/32 MP: 0/17
  3635 | D:4      | Learned a level 4 spell: Summon Ice Beast
  4227 | D:5      | Entered Level 5 of the Dungeon
  4257 | D:5      | Found a basalt altar of Yredelemnul.
  4259 | D:5      | Found a glowing silver altar of Zin.
  4260 | D:5      | Found a glowing golden altar of the Shining One.
  4260 | D:5      | Found a blossoming altar of Fedhas.
  4267 | D:5      | Noticed a sky beast
  4277 | D:5      | Killed a sky beast
  4277 | D:5      | Reached XP level 7. HP: 37/37 MP: 10/19
  4578 | D:5      | Found an iron altar of Okawaru.
  4613 | D:5      | Found a staircase to the Ecumenical Temple.
  4621 | Temple   | Entered the Ecumenical Temple
  4699 | Temple   | Became a worshipper of Sif Muna the Loreminder
  4852 | D:5      | Learned a level 4 spell: Summon Lightning Spire
  4877 | D:6      | Reached skill level 1 in Short Blades
  4879 | D:6      | Reached skill level 7 in Spellcasting
  5075 | D:6      | Reached skill level 1 in Ice Magic
  5198 | D:6      | Gained mutation: You are clumsy. (Dex -2) [potion of mutation]
  5198 | D:6      | Gained mutation: Your movements are slightly less encumbered by armour (ER -2). [potion of mutation]
  5198 | D:6      | Gained mutation: You regenerate slowly when monsters are visible. [potion of mutation]
  5199 | D:6      | Gained mutation: Your magical capacity is low (-10% MP). [potion of mutation]
  5199 | D:6      | Gained mutation: Your mind is acute. (Int +2) [potion of mutation]
  5199 | D:6      | Gained mutation: You evolve. [potion of mutation]
  5861 | D:6      | Found a burning altar of Makhleb.
  5861 | D:6      | Found a radiant altar of Vehumet.
  6115 | D:7      | Reached skill level 1 in Air Magic
  6115 | D:7      | Reached XP level 8. HP: 42/42 MP: 11/19
  6151 | D:7      | Found a sparkling altar of Nemelex Xobeh.
  6152 | D:7      | Found an opulent altar of Gozag.
  6368 | D:7      | Found a sacrificial altar of Ru.
  6418 | D:7      | Found a snail-covered altar of Cheibriados.
  6489 | D:7      | Reached * piety under Sif Muna
  6692 | D:8      | Reached skill level 8 in Spellcasting
  6912 | D:8      | Reached ** piety under Sif Muna
  7049 | D:8      | Reached skill level 5 in Stealth
  7049 | D:8      | Reached skill level 9 in Spellcasting
  7049 | D:8      | Reached XP level 9. HP: 46/46 MP: 16/21
  7827 | D:9      | Noticed a hill giant
  7836 | D:9      | Killed a hill giant
  7836 | D:9      | Reached skill level 1 in Fighting
  8228 | D:9      | Lost mutation: Your magical capacity is low (-10% MP). [evolution]
  8274 | D:9      | Reached *** piety under Sif Muna
  8275 | D:9      | Reached skill level 10 in Spellcasting
  8285 | D:9      | Reached skill level 5 in Dodging
  8476 | D:9      | Noticed a moth of wrath
  8479 | D:9      | Found a bloodstained altar of Trog.
  8905 | D:10     | Entered Level 10 of the Dungeon
  8992 | D:10     | Noticed a troll
  9014 | D:10     | Killed a troll
  9212 | D:10     | Reached **** piety under Sif Muna
  9212 | D:10     | Reached XP level 10. HP: 52/52 MP: 21/26
  9213 | D:10     | Reached skill level 11 in Spellcasting
  9292 | D:10     | Found a staircase to the Lair.
  9310 | D:10     | Learned a level 2 spell: Cure Poison
  9312 | D:10     | Learned a level 1 spell: Sting
  9553 | D:10     | Identified a +2 rod of inaccuracy (11/11) (You found it on level 10 of the Dungeon)
  9811 | D:11     | Reached skill level 10 in Summonings
  9813 | D:11     | Noticed a cyclops
  9830 | D:11     | Killed a cyclops
  9956 | D:11     | Found a portal to a secret trove of treasure.
 10035 | D:11     | Noticed a cyclops
 10046 | D:11     | Killed a cyclops
 10070 | D:11     | Reached ***** piety under Sif Muna
 10436 | D:11     | Noticed a cyclops
 10450 | D:11     | Killed a cyclops
 10461 | D:11     | Noticed Nergalle
 10549 | D:11     | Noticed a spectral orc warlord
 10712 | Lair:1   | Entered Level 1 of the Lair of Beasts
 10788 | Lair:1   | Reached skill level 5 in Ice Magic
 10795 | Lair:1   | Reached skill level 5 in Air Magic
 10872 | Lair:1   | Reached skill level 12 in Spellcasting
 10921 | Lair:1   | Noticed a spiny frog
 10929 | Lair:1   | Killed a spiny frog
 11080 | Lair:1   | Noticed a five-headed hydra
 11080 | Lair:1   | Noticed an eight-headed hydra
 11093 | Lair:1   | Killed an eight-headed hydra
 11101 | Lair:1   | Killed a five-headed hydra
 11459 | Lair:2   | Reached XP level 11. HP: 18/56 MP: 6/29
 12213 | Lair:2   | Lost mutation: You are clumsy. (Dex -2) [evolution]
 12213 | Lair:2   | Lost mutation: You evolve. [end of evolution]
 12449 | Lair:2   | Noticed a six-headed hydra
 12467 | Lair:2   | Killed a six-headed hydra
 12467 | Lair:2   | Reached ****** piety under Sif Muna
 12467 | Lair:2   | Received a gift from Sif Muna
 12474 | Lair:2   | Learned a level 4 spell: Airstrike
 12481 | Lair:2   | Learned a level 6 spell: Deflect Missiles
 12857 | Lair:3   | Learned a level 3 spell: Recall
 12858 | Lair:3   | Found a staircase to the Snake Pit.
 12868 | Lair:3   | Reached skill level 1 in Charms
 13177 | Lair:3   | Noticed Sonja
 13422 | Lair:3   | Reached skill level 13 in Spellcasting
 13639 | Lair:3   | Killed Sonja
 13639 | Lair:3   | Reached skill level 1 in Invocations
 13975 | Lair:3   | Found a staircase to the Shoals.
 14404 | Lair:4   | Reached skill level 5 in Charms
 15191 | Lair:4   | Reached XP level 12. HP: 61/61 MP: 27/31
 15208 | Lair:4   | Found a shattered altar of Ashenzari.
 15315 | Lair:4   | Received a gift from Sif Muna
 15321 | Lair:4   | Learned a level 2 spell: Shroud of Golubria
 15325 | Lair:4   | Learned a level 3 spell: Regeneration
 15381 | Lair:4   | Reached skill level 14 in Spellcasting
 15813 | Lair:5   | You fall through a shaft for 2 floors!
 15892 | Lair:7   | Noticed a four-headed hydra
 15905 | Lair:7   | Killed a four-headed hydra
 15927 | Lair:7   | Learned a level 2 spell: Blink
 15937 | Lair:7   | Noticed a four-headed hydra
 15939 | Lair:7   | Noticed a death yak
 15943 | Lair:7   | Killed a four-headed hydra
 15996 | Lair:6   | Noticed Maud
 16011 | Lair:6   | Killed Maud
 16194 | Lair:6   | Noticed a four-headed hydra
 16201 | Lair:6   | Killed a four-headed hydra
 16291 | Lair:6   | Noticed a seven-headed hydra
 16300 | Lair:6   | Killed a seven-headed hydra
 16697 | Lair:7   | Noticed a four-headed hydra
 16716 | Lair:7   | Killed a four-headed hydra
 16716 | Lair:7   | Reached skill level 5 in Invocations
 16865 | Lair:7   | Reached skill level 15 in Spellcasting
 17077 | Lair:7   | Learned a level 4 spell: Animate Dead
 17097 | Lair:7   | Killed a death yak
 17710 | Lair:8   | Entered Level 8 of the Lair of Beasts
 17951 | Lair:8   | Found a staircase to the Slime Pits.
 18073 | Lair:8   | Noticed a six-headed hydra
 18079 | Lair:8   | Killed a six-headed hydra
 18167 | Lair:8   | Noticed a catoblepas
 18177 | Lair:8   | Killed a catoblepas
 18177 | Lair:8   | Reached XP level 13. HP: 63/65 MP: 16/34
 18262 | Lair:8   | Received a gift from Sif Muna
 18264 | Lair:8   | Identified Sif Muna's Incunabulum of Glacial Confrontation (Sif Muna gifted it to you on level 8 of the Lair of Beasts)
 18310 | Lair:8   | Reached skill level 1 in Necromancy
 20373 | D:11     | Found a staircase to the Orcish Mines.
 20527 | D:11     | Noticed Urug
 20533 | D:11     | Killed Urug
 20570 | D:11     | Reached skill level 16 in Spellcasting
 20952 | D:11     | Killed Nergalle
 21135 | D:12     | Noticed Josephine
 21139 | D:12     | Killed Josephine
 21222 | D:12     | Found a frozen archway.
 21281 | D:12     | Gained mutation: You evolve. [potion of mutation]
 21281 | D:12     | Gained mutation: You have a pair of small horns on your head. [potion of mutation]
 21281 | D:12     | Gained mutation: Armour fits poorly on your strangely shaped body. [potion of mutation]
 21497 | D:12     | Noticed Blork the orc
 21503 | D:12     | Killed Blork the orc
 21507 | D:12     | Found a deep blue altar of Sif Muna.
 21623 | IceCv    | Entered an ice cave
 21623 | IceCv    | Noticed dvd's ghost (journeyman TrMo)
 21637 | IceCv    | Killed dvd's ghost
 21637 | IceCv    | Reached skill level 1 in Translocations
 21831 | IceCv    | Gained mutation: You are partially covered in icy blue scales (AC +1). [potion of beneficial mutation]
 22342 | IceCv    | Noticed a frost giant
 22369 | IceCv    | Killed a frost giant
 22369 | IceCv    | Received a gift from Sif Muna
 22372 | IceCv    | Identified Kefimara's Reference Book on Aid and Calling (Sif Muna gifted it to you in an ice cave)
 22487 | IceCv    | Learned a level 7 spell: Haunt
 23728 | D:14     | Reached XP level 14. HP: 68/70 MP: 9/36
 23950 | D:14     | Lost mutation: Armour fits poorly on your strangely shaped body. [evolution]
 24353 | D:14     | Found a gate to the Vaults.
 24928 | Orc:1    | Entered Level 1 of the Orcish Mines
 25005 | Orc:1    | Found a burning altar of Makhleb.
 25239 | Orc:2    | Entered Level 2 of the Orcish Mines
 25239 | Orc:2    | Found a staircase to the Elven Halls.
 25289 | Orc:2    | Reached skill level 17 in Spellcasting
 25289 | Orc:2    | Reached skill level 10 in Air Magic
 25409 | Orc:2    | Found Voapuwn's Assorted Antiques.
 25420 | Orc:2    | Found Uggapyuph's Armour Emporium.
 25426 | Orc:2    | Found Icso's Distillery.
 25994 | Orc:2    | Bought the +1 cloak "Vuopuna" {rElec rN+ Int+4} for 433 gold pieces
 26009 | Orc:2    | Found Hinaesh's Armour Emporium.
 26017 | Orc:2    | Bought a +1 pair of gloves of strength for 214 gold pieces
 26667 | Snake:1  | Entered Level 1 of the Snake Pit
 26680 | Lair:3   | Lost mutation: Your mind is acute. (Int +2) [evolution]
 26962 | Snake:1  | Noticed Aizul
 26974 | Snake:1  | Killed Aizul
 27412 | Snake:1  | Received a gift from Sif Muna
 27422 | Snake:1  | Learned a level 6 spell: Shadow Creatures
 27572 | Snake:1  | Found an iron altar of Okawaru.
 28147 | Snake:2  | Found a flickering gateway to a bazaar.
 28153 | Bazaar   | Entered a bazaar
 28153 | Bazaar   | Found Mol Kit's Weapon Shoppe.
 28153 | Bazaar   | Found Ysuver's Distillery.
 28156 | Bazaar   | Found Hetig's Assorted Antiques.
 28171 | Bazaar   | Found Tetoho Cais's Jewellery Shoppe.
 28179 | Bazaar   | Bought a +5 amulet of reflection for 300 gold pieces
 28179 | Bazaar   | Bought an uncursed amulet of magic regeneration for 360 gold pieces
 28195 | Bazaar   | Bought a glowing robe for 16 gold pieces
 28274 | Snake:2  | Gained mutation: You are resistant to electric shocks. [potion of mutation]
 28274 | Snake:2  | Gained mutation: You have a pair of horns on your head. [potion of mutation]
 28551 | Snake:2  | Reached skill level 18 in Spellcasting
 28676 | Snake:2  | Reached skill level 1 in Poison Magic
 29037 | Snake:2  | Noticed a greater naga
 29046 | Snake:2  | Killed a greater naga
 29092 | Snake:2  | Noticed a greater naga
 29107 | Snake:2  | Killed a greater naga
 30538 | Snake:3  | Reached XP level 15. HP: 54/76 MP: 0/39
 30791 | Snake:3  | Noticed a greater naga
 30798 | Snake:3  | Killed a greater naga
 30800 | Snake:3  | Got a faintly glowing mace {drain}
 30802 | Snake:3  | Identified the +10 mace of the Yoke {drain, rElec Int+5 Dex+4} (You took it off a salamander on level 3 of the Snake Pit)
 31215 | Snake:3  | Noticed Vashnia
 31308 | Snake:3  | Killed Vashnia
 31308 | Snake:3  | Received a gift from Sif Muna
 31309 | Snake:3  | Identified Couvepp's Volume of Changing and Augmentations (Sif Muna gifted it to you on level 3 of the Snake Pit)
 31630 | Snake:3  | Noticed a greater naga
 31646 | Snake:3  | Killed a greater naga
 31841 | Snake:3  | Noticed a greater naga
 31841 | Snake:3  | Noticed a greater naga
 31864 | Snake:3  | Killed a greater naga
 31875 | Snake:3  | Killed a greater naga
 32222 | Snake:4  | Entered Level 4 of the Snake Pit
 32386 | Snake:4  | Reached skill level 19 in Spellcasting
 32734 | Snake:4  | Noticed a greater naga
 32744 | Snake:4  | Noticed a greater naga
 32746 | Snake:4  | Killed a greater naga
 32749 | Snake:4  | Noticed a greater naga
 32751 | Snake:4  | Killed a greater naga
 32958 | Snake:4  | Killed a greater naga
 33867 | Snake:4  | Noticed a greater naga
 33879 | Snake:4  | Killed a greater naga
 34142 | Snake:4  | Noticed a greater naga
 34148 | Snake:4  | Killed a greater naga
 34408 | Snake:4  | Received a gift from Sif Muna
 34485 | Snake:4  | Noticed a greater naga
 34489 | Snake:4  | Got a serpentine rune of Zot
 34499 | Snake:4  | Noticed a greater naga
 34499 | Snake:4  | Killed a greater naga
 34507 | Snake:4  | Killed a greater naga
 34514 | Snake:4  | Noticed a greater naga
 34521 | Snake:4  | Killed a greater naga
 35052 | Elf:1    | Entered Level 1 of the Elven Halls
 35072 | Orc:2    | Reached XP level 16. HP: 75/83 MP: 1/41
 35226 | Orc:2    | Learned a level 5 spell: Aura of Abjuration
 35232 | Orc:2    | Learned a level 5 spell: Summon Demon
 35245 | Elf:1    | Reached skill level 1 in Maces & Flails
 35371 | Elf:1    | Reached skill level 20 in Spellcasting
 35386 | Elf:1    | Got an uncursed scorched long sword {venom}
 35387 | Elf:1    | Identified the +3 long sword "Qoataoli" {venom, +Fly SInv} (You took it off a deep elf archer on level 1 of the Elven Halls)
 35750 | Elf:1    | Noticed Agnes
 35764 | Elf:1    | Killed Agnes
 35764 | Elf:1    | Reached skill level 5 in Hexes
 35983 | Elf:1    | Found Gexorourch's Jewellery Emporium.
 35987 | Elf:1    | Bought the ring "Keppom" {+Fly rPois MR+ Str+5 Int-3} for 722 gold pieces
 36080 | Elf:1    | Noticed a Brimstone Fiend
 36480 | Elf:2    | Found Bevoip's Magic Scroll Shoppe.
 36545 | Elf:2    | Identified the Volume of the Mountains and Malediction
 37050 | Elf:2    | Reached skill level 15 in Summonings
 37158 | Elf:2    | Found a huge runed gate.
 37158 | Elf:2    | Found a huge runed gate.
 37158 | Elf:2    | Found a huge runed gate.
 37163 | Elf:2    | Found a huge runed gate.
 37183 | Elf:2    | Found a huge runed gate.
 38283 | Elf:2    | Received a gift from Sif Muna
 38297 | Elf:2    | Identified Sif Muna's Compendium of Dark Arts and Lightness (Sif Muna gifted it to you on level 2 of the Elven Halls)
 38304 | Elf:2    | Learned a level 5 spell: Summon Mana Viper
 38331 | Elf:2    | Reached skill level 21 in Spellcasting
 38331 | Elf:2    | Reached skill level 5 in Necromancy
 38789 | Elf:3    | Entered Level 3 of the Elven Halls
 38908 | Elf:3    | Noticed a deep elf blademaster
 39052 | Elf:3    | Killed a deep elf blademaster
 39193 | Elf:3    | Noticed a Brimstone Fiend
 39333 | Elf:3    | Noticed an Executioner
 40425 | Elf:3    | Reached XP level 17. HP: 87/87 MP: 40/44
 40432 | Elf:3    | Noticed a deep elf master archer
 40434 | Elf:3    | Noticed a deep elf master archer
 40456 | Elf:3    | Noticed a deep elf blademaster
 40465 | Elf:3    | Killed a deep elf blademaster
 40465 | Elf:3    | Killed a deep elf master archer
 40478 | Elf:3    | Killed a deep elf master archer
 40478 | Elf:3    | Received a gift from Sif Muna
 40480 | Elf:3    | Identified Zumeo's Tome of the Enthralling Traveller (Sif Muna gifted it to you on level 3 of the Elven Halls)
 40945 | Elf:3    | Identified the Guide on Stones
 41102 | Elf:3    | Identified the Collected Works on Fetching Weightlessness
 41105 | Elf:3    | Identified the Reference Book on Calling
 41155 | Elf:3    | Identified the Handbook of Companions and Ignition (You found it on level 3 of the Elven Halls)
 41209 | Elf:3    | Got a fine chain mail
 41220 | Elf:3    | Identified the +6 chain mail "Voz Goc" {MR+} (You found it on level 3 of the Elven Halls)
 41232 | Elf:3    | Gained mutation: Scrolls take you a little longer to read. [evolution]
 41274 | Elf:3    | Identified the Collected Works on Helpful Heat (You found it on level 3 of the Elven Halls)
 41419 | Elf:3    | Reached skill level 22 in Spellcasting
 41480 | Elf:3    | Got a smelly plate armour
 41483 | Elf:3    | Identified the +12 plate armour of the Tarantula {rC+ Slay+3} (You found it on level 3 of the Elven Halls)
 41521 | Elf:3    | Learned a level 7 spell: Summon Hydra
 41735 | D:15     | Entered Level 15 of the Dungeon
 42683 | D:15     | Found a staircase to the Depths.
 42704 | D:15     | Identified a scroll of acquirement
 43151 | Vaults:1 | Entered Level 1 of the Vaults
 43282 | Vaults:1 | Found a magical portal.
 43291 | WizLab   | Entered Cigotuvi's Fleshworks
 43897 | WizLab   | Got a flickering bone ring
 43899 | WizLab   | Identified the ring of Buunimua {SustAt rC++ Dex-4} (You found it in a wizard's laboratory)
 44300 | WizLab   | Noticed Cigotuvi's Monster
 44317 | WizLab   | Killed Cigotuvi's Monster
 44368 | WizLab   | Gained mutation: You are partially covered in rugged brown scales (AC +1, +3% HP). [potion of mutation]
 44369 | WizLab   | Lost mutation: You have a pair of horns on your head. [potion of mutation]
 44369 | WizLab   | Lost mutation: You have a pair of small horns on your head. [potion of mutation]
 44407 | WizLab   | Identified Cigotuvi's Almanac of Twisted Transformation (You found it in a wizard's laboratory)
 44410 | WizLab   | Identified the Compendium of Transmigration (You found it in a wizard's laboratory)
 44415 | WizLab   | Identified Cuwner's Reference Book on Transformation (You found it in a wizard's laboratory)
 44763 | Vaults:1 | Noticed Saint Roka
 44773 | Vaults:1 | Killed Saint Roka
 44773 | Vaults:1 | Received a gift from Sif Muna
 44773 | Vaults:1 | Reached skill level 1 in Shields
 45365 | Vaults:1 | Found Wiocef's Armour Emporium.
 45373 | Vaults:1 | Gained mutation: Your mind is acute. (Int +2) [potion of mutation]
 45374 | Vaults:1 | Lost mutation: Scrolls take you a little longer to read. [potion of mutation]
 45374 | Vaults:1 | Lost mutation: Your mind is acute. (Int +2) [potion of mutation]
 45374 | Vaults:1 | Gained mutation: Your muscles are strong. (Str +2) [potion of mutation]
 45375 | Vaults:1 | Gained mutation: You have sharp fingernails. [potion of mutation]
 45425 | Vaults:1 | Lost mutation: Your muscles are strong. (Str +2) [potion of mutation]
 45425 | Vaults:1 | Gained mutation: You expend magic power (3 MP) to strengthen your wands. [potion of mutation]
 45425 | Vaults:1 | Lost mutation: You are partially covered in icy blue scales (AC +1). [potion of mutation]
 45426 | Vaults:1 | Lost mutation: You regenerate slowly when monsters are visible. [potion of mutation]
 45426 | Vaults:1 | Gained mutation: You are resistant to hostile enchantments. [potion of mutation]
 45426 | Vaults:1 | Gained mutation: You are agile. (Dex +2) [potion of mutation]
 45427 | Vaults:1 | Gained mutation: You rapidly evolve. [potion of mutation]
 45429 | Vaults:1 | Gained mutation: You are partially covered in slimy green scales (AC +2). [potion of mutation]
 45429 | Vaults:1 | Gained mutation: You are mostly covered in slimy green scales (AC +3). [potion of mutation]
 45429 | Vaults:1 | Lost mutation: You are mostly covered in slimy green scales (AC +3). [potion of mutation]
 45430 | Vaults:1 | Gained mutation: Your movements are less encumbered by armour (ER -4). [potion of beneficial mutation]
 45431 | Vaults:1 | Gained mutation: You are partially covered in thin metallic scales (AC +2). [potion of beneficial mutation]
 45810 | Vaults:1 | Got a jewelled scythe
 45814 | Vaults:1 | Identified the +6 scythe of Demand {slice, Str+4} (You found it on level 1 of the Vaults)
 45952 | Vaults:2 | Noticed Donald
 45962 | Vaults:2 | Killed Donald
 46080 | Vaults:2 | Noticed a tentacled monstrosity
 46103 | Vaults:2 | Killed a tentacled monstrosity
 46183 | Vaults:2 | Reached skill level 23 in Spellcasting
 46391 | Vaults:2 | Noticed Frederick
 46449 | Vaults:2 | Killed Frederick
 46449 | Vaults:2 | Reached XP level 18. HP: 94/94 MP: 32/47
 46995 | Vaults:2 | Got a steaming arbalest
 46996 | Vaults:2 | Identified the cursed +1 arbalest of Faxkoe {freeze, rElec rC+} (You found it on level 2 of the Vaults)
 47086 | Vaults:2 | Noticed Norris
 47096 | Vaults:2 | Killed Norris
 47096 | Vaults:2 | Received a gift from Sif Muna
 47097 | Vaults:2 | Identified Sif Muna's Grimoire of Aerial Companions (Sif Muna gifted it to you on level 2 of the Vaults)
 47512 | Vaults:2 | Lost mutation: Your movements are less encumbered by armour (ER -4). [evolution]
 47512 | Vaults:2 | Lost mutation: You rapidly evolve. [end of evolution]
 47745 | Vaults:3 | Found Veniejyit's Weapon Boutique.
 48414 | Vaults:3 | Reached skill level 24 in Spellcasting
 48870 | Vaults:3 | Slain by a vault warden

Skill      XL: |  1  2  3  4  5  6  7  8  9 10 11 12 13 14 15 16 17 18 |
---------------+-------------------------------------------------------+-----
Summonings     | 5 6 7 8 9 11 12 13 14 15 16 | 16.6
Dodging        | 3 4 5 6 7 8 9 |  9.1
Spellcasting   | 4 6 7 9 10 12 13 15 16 18 19 21 23 24 | 24.1
Stealth        | 3 4 5 6 7 |  7.3
Hexes          | 1 2 4 5 6 7 |  7.1
Short Blades   | 1 2 |  2.0
Ice Magic      | 1 2 4 5 6 7 8 9 |  9.9
Air Magic      | 1 3 4 5 6 8 9 10 11 12 13 | 13.4
Fighting       | 1 2 3 |  3.4
Charms         | 5 6 7 |  7.0
Invocations    | 2 5 7 8 9 |  9.7
Necromancy     | 2 3 4 5 6 |  6.2
Translocations | 1 |  1.8
Poison Magic   | 1 2 |  2.1
Maces & Flails | 1 |  1.4
Shields        | 1 |  1.7
Long Blades    | |  0.3
Evocations     | |  0.2

Action                   |  1- 3 |  4- 6 |  7- 9 | 10-12 | 13-15 | 16-18 || total
-------------------------+-------+-------+-------+-------+-------+-------++-------
Melee: Unarmed           |    13 |       |       |       |       |       ||    13
       Short sword       |    18 |    32 |    15 |    25 |       |       ||    90
       Flail             |       |       |    33 |    50 |       |       ||    83
       Rapier            |       |       |    13 |     3 |       |       ||    16
       Double sword      |       |       |       |    23 |     2 |       ||    25
       Quick blade       |       |       |       |       |   134 |       ||   134
       Headbutt          |       |       |       |       |    16 |    23 ||    39
       Mace              |       |       |       |       |    19 |   196 ||   215
       Long sword        |       |       |       |       |       |    13 ||    13
 Cast: Summon Small Mamm |    36 |    20 |       |       |       |       ||    56
       Call Imp          |    10 |    32 |     5 |     6 |       |       ||    53
       Call Canine Famil |     3 |    23 |    20 |    30 |    11 |       ||    87
       Tukima's Dance    |       |     3 |     6 |     3 |    89 |    75 ||   176
       Summon Ice Beast  |       |     4 |    39 |   131 |   248 |    51 ||   473
       Summon Lightning  |       |       |    38 |    99 |   185 |   146 ||   468
       Sting             |       |       |       |     7 |     1 |       ||     8
       Airstrike         |       |       |       |    85 |   216 |   248 ||   549
       Deflect Missiles  |       |       |       |     2 |    16 |     6 ||    24
       Regeneration      |       |       |       |    11 |    65 |    29 ||   105
       Animate Dead      |       |       |       |     4 |    72 |    57 ||   133
       Shroud of Golubri |       |       |       |     4 |     2 |       ||     6
       Recall            |       |       |       |     2 |    15 |     2 ||    19
       Blink             |       |       |       |     1 |    18 |     6 ||    25
       Cure Poison       |       |       |       |     1 |    41 |     2 ||    44
       Haunt             |       |       |       |       |     5 |       ||     5
       Shadow Creatures  |       |       |       |       |    45 |    54 ||    99
       Summon Demon      |       |       |       |       |       |    49 ||    49
       Aura of Abjuratio |       |       |       |       |       |    27 ||    27
       Summon Mana Viper |       |       |       |       |       |    40 ||    40
       Summon Hydra      |       |       |       |       |       |    25 ||    25
Invok: Channel Energy    |       |       |       |   152 |   300 |    79 ||   531
       Forget Spell      |       |       |       |       |     1 |       ||     1
Evoke: Wand              |       |       |       |     2 |       |       ||     2
  Use: Scroll            |       |       |    12 |    13 |    13 |    21 ||    59
       Potion            |       |       |    12 |     7 |    10 |    18 ||    47
 Stab: Sleeping          |     3 |     5 |     8 |     8 |    10 |    22 ||    56
       Distracted        |       |     1 |     1 |       |       |     5 ||     7
  Eat: Chunk             |     2 |     9 |    19 |    46 |    63 |    32 ||   171
       Beef jerky        |       |     1 |       |     1 |     5 |     1 ||     8
       Fruit             |       |       |     1 |       |     6 |     5 ||    12
       Royal jelly       |       |       |       |     2 |     5 |       ||     7
       Pizza             |       |       |       |       |     1 |     3 ||     4
       Meat ration       |       |       |       |       |     3 |     1 ||     4
       Bread ration      |       |       |       |       |       |     2 ||     2
Armor: Robe              |    23 |    31 |    40 |    69 |   107 |   111 ||   381
       Animal skin       |       |       |       |       |     2 |       ||     2
Dodge: Dodged            |    53 |    56 |    88 |   138 |   300 |   252 ||   887
       Deflected         |       |       |       |     8 |   108 |    53 ||   169
Block: Other             |       |       |       |       |    25 |    13 ||    38
       Reflection        |       |       |       |       |     7 |    33 ||    40
       Buckler           |       |       |       |       |       |   154 ||   154
